 Dungeon Crawl Stone Soup version 0.22.1-2-g9c5b331 (webtiles) character file.

49 MalarOregon the Chiller (level 3, 0/26 HPs)
             Began as a Merfolk Ice Elementalist on Nov 23, 2018.
             Slain by a worm (10 damage)
             ... on level 2 of the Dungeon.
             The game lasted 00:04:32 (2962 turns).

MalarOregon the Chiller (Merfolk Ice Elementalist)  Turns: 2962, Time: 00:04:33

Health: 0/26       AC:  6    Str:  8    XL:     3   Next: 75%
Magic:  6/6        EV:  8    Int: 15    God:
Gold:   74         SH: 10    Dex: 14    Spells: 5/6 levels left

rFire    . . .     SeeInvis .   n - +0 dagger
rCold    . . .     Gourm    +   i - +0 large shield
rNeg     . . .     Faith    .   f - +0 leather armour
rPois    .         Spirit   .   (no helmet)
rElec    .         Reflect  .   (no cloak)
rCorr    .         Harm     .   k - +2 pair of gloves
MR       .....                  (no boots)
Stlth    ++........             g - amulet of the gourmand
HPRegen  0.08/turn              b - ring of wizardry
MPRegen  0.10/turn              (no ring)

@: very slightly contaminated
A: change form in water, swift swim, stealthy swim
a: no special abilities


You were on level 2 of the Dungeon.
You were not hungry.

You visited 1 branch of the dungeon, and saw 2 of its levels.

You collected 74 gold pieces.

Inventory:

Hand Weapons
 n - a +0 dagger (weapon)
   (You took it off a goblin on level 2 of the Dungeon)
Armour
 f - a +0 leather armour (worn)
   (You found it on level 1 of the Dungeon)
 i - a +0 large shield (worn)
   (You found it on level 1 of the Dungeon)
 k - a +2 pair of gloves (worn)
   (You found it on level 1 of the Dungeon)
Jewellery
 b - a ring of wizardry (left hand)
   (You found it on level 2 of the Dungeon)
 g - an amulet of the gourmand (around neck)
   (You found it on level 2 of the Dungeon)
Scrolls
 a - 2 scrolls of teleportation {unknown}
 c - 2 scrolls of blinking {unknown}
 l - a scroll of remove curse {unknown}
 m - 2 scrolls of fog {unknown}
Potions
 d - a potion of invisibility
 h - 2 potions of curing {unknown}
Comestibles
 e - 5 rations {!d}


   Skills:
 + Level 1.6 Fighting
 + Level 1.3 Short Blades
 + Level 3.3 Dodging
 - Level 2.4 Stealth
 + Level 0.9 Shields
 - Level 2.1 Spellcasting
   Level 0.7 Conjurations
 - Level 3.4 Ice Magic


You had 5 spell levels left.
You knew the following spells:

 Your Spells              Type           Power        Failure   Level  Hunger
a - Freeze                Ice            ##..         54%         1    #......

Your spell library contained the following spells:

 Spells                   Type           Power        Failure   Level  Hunger
 Throw Frost              Conj/Ice       #.....       86%         2    ###....
 Ozocubu's Armour         Chrm/Ice       #.......     98%         3    ###....
 Summon Ice Beast         Ice/Summ       #.......     100%        4    #####..
 Throw Icicle             Conj/Ice       #.......     100%        4    #####..


Dungeon Overview and Level Annotations

Branches:
Dungeon (2/15)

Altars:
Ashenzari
Fedhas
Kikubaaqudgha
Okawaru
Qazlal
Trog
Uskayaw
The Shining One


Message History

You kill the hobgoblin!
No target in view!
No target in view!
No target in view!
No target in view!
No target in view!
No target in view!
Things that are here:
a club; a hobgoblin corpse You butcher the hobgoblin corpse.
j - a chunk of flesh You see here a club. x2
Eating a chunk of flesh.
You eat the chunk of flesh.
This raw flesh tastes great.
There is a stone staircase leading down here.
Found an escape hatch in the floor.
Found a stone staircase leading down.
There is a stone staircase leading down here.
A worm comes into view.
A worm is nearby!
The worm bites you.
You hit the worm. You block the worm's attack.
You hit the worm but do no damage. You hit the worm. The worm bites you.
You hit the worm but do no damage. You block the worm's attack.
You hit the worm. You hit the worm but do no damage. The worm bites you.
* * * LOW HITPOINT WARNING * * *
It was a potion of invisibility.
You fade into invisibility!
You are very lightly contaminated with residual magic.
You hit the worm. You block the worm's attack.
You hit the worm but do no damage. The worm bites you but does no damage.
You hit the worm. You block the worm's attack.
Your shield prevents you from hitting the worm.
Your shield prevents you from hitting the worm.
The worm barely misses you.
You hit the worm. You hit the worm but do no damage.
You block the worm's attack.
You catch the helpless worm completely off-guard!
You puncture the worm!
You flicker for a moment.
You hit the worm but do no damage. You hit the worm. You hit the worm.
You flicker back into view.
The worm bites you.
* * * LOW HITPOINT WARNING * * *
You hit the worm but do no damage. The worm bites you!
You die...

##.# ##.#
##.# ##.#
##.# ##.#
##.# ##### #
##.#
#...######.#
##.#
#.......@w.#
##.#
#...########
##.# ##.##
##.# #.#
##.# #.#
##.# #>#
...# #.#
#### #.# #
#.#


You could see a worm.

Vanquished Creatures
  An adder (D:2)
  An ooze (D:1)
  A worm (D:2)
  A dart slug (D:1)
  A ball python (D:1)
  4 bats
  5 goblins
  4 hobgoblins
  2 jackals (D:1)
  A quokka (D:2)
  3 frilled lizards (D:1)
  3 kobolds (D:1)
  4 rats (D:1)
31 creatures vanquished.

Notes
Turn   | Place    | Note
-------+----------+-------------------------------------------
     0 | D:1      | MalarOregon the Merfolk Ice Elementalist began the quest
                  | for the Orb.
     0 | D:1      | Reached XP level 1. HP: 13/13 MP: 3/3
    72 | D:1      | Reached XP level 2. HP: 16/20 MP: 0/5
   112 | D:1      | Reached skill level 1 in Fighting
   890 | D:1      | Reached XP level 3. HP: 20/26 MP: 6/6
  1448 | D:2      | Found a hide-covered altar of Uskayaw.
  1448 | D:2      | Found a bloodstained altar of Trog.
  1449 | D:2      | Found an ancient bone altar of Kikubaaqudgha.
  1449 | D:2      | Found a glowing golden altar of the Shining One.
  1450 | D:2      | Found an iron altar of Okawaru.
  1450 | D:2      | Found a shattered altar of Ashenzari.
  1450 | D:2      | Found a stormy altar of Qazlal.
  1451 | D:2      | Found a blossoming altar of Fedhas.
  1562 | D:1      | Reached skill level 1 in Short Blades
  2962 | D:2      | Slain by a worm

Skill      XL: |  1  2  3 |
---------------+----------+-----
Fighting       | 1 |  1.6
Dodging        | 3 |  3.3
Short Blades   | 1 |  1.3
Stealth        | |  2.4
Shields        | |  0.9
Spellcasting   | |  2.1
Conjurations   | |  0.7
Ice Magic      | |  3.4

Action                   || total
-------------------------++-------
Melee: Unarmed           ||     8
       Short sword       ||   115
       Dagger            ||    79
 Cast: Freeze            ||    10
  Use: Potion            ||     3
 Stab: Sleeping          ||     3
       Invisible         ||     1
  Eat: Chunk             ||     5
       Ration            ||     1
Armor: Robe              ||     2
       Leather armour    ||    44
Dodge: Dodged            ||    62
Block: Large shield      ||   100
